 Dungeon Crawl Stone Soup version 0.31-a0-431-g88bdf31460 (webtiles) character file.

Game seed: 18103782415696164994

59454 mandarbmax the Grappler (level 14, 0/183 HPs)
             Began as an Ogre Shapeshifter on July 30, 2023.
             Was the Champion of Makhleb.
             Slain by a cacodemon (5 damage)
             ... summoned by the player character
             ... in an ice cave on July 31, 2023.
             The game lasted 00:43:23 (20231 turns).

mandarbmax the Grappler (Ogre Shapeshifter)        Turns: 20231, Time: 00:43:25

Health: 0/183      AC: 11    Str: 31    XL:     14   Next: 95%
Magic:  20/20      EV: 17    Int:  9    God:    Makhleb [******]
Gold:   1464       SH:  0    Dex:  9    Spells: 13/13 levels left

rFire   x .          .
                       - Unarmed
rCold   + . .        b - melded orb {light}
rNeg    . . .        G - melded +0 acid dragon scales
rPois   .            J - melded +0 hat {SInv}
rElec   .            F - melded +2 cloak of Snakes and Ladders {Str+3 Int+3}
rCorr   .            (gloves unavailable)
SInv    .            (boots unavailable)
Will    +....        I - amulet of faith
Stlth   +            h - +5 ring of evasion
HPRegen 0.50/turn    K - ring of ice
MPRegen 0.17/turn

%: faith
@: about to teleport, snake-form
A: constrict, boosted hp, large, unfitting armour, (tough skin 1)
a: Begin Untransformation, Renounce Religion, Minor Destruction, Lesser Servant
of Makhleb, Major Destruction, Greater Servant of Makhleb


You were in an ice cave.
You worshipped Makhleb.
Makhleb was exalted by your worship.
You were an enormous anaconda.
You visited 2 branches of the dungeon, and saw 17 of its levels.
You also visited: Ossuary, Bailey and Ice Cave.

You collected 1464 gold pieces.

Inventory:

Armour
 b - an orb of light (melded)
 F - the +2 cloak of Snakes and Ladders (melded) {Str+3 Int+3}
   (You found it in a bailey)

   Str:       It affects your strength (+3).
   Int:       It affects your intelligence (+3).
 G - +0 acid dragon scales (melded)
 J - a +0 hat of see invisible (melded)
Jewellery
 h - a +5 ring of evasion (left hand)
 D - a ring of protection from fire
 I - an amulet of faith (around neck)
 K - a ring of ice (right hand)
Talismans
 c - a beast talisman
 w - a serpent talisman (active)
Wands
 x - a wand of acid (7)
 y - a wand of digging (4)
 H - a wand of mindburst (5)
 N - a wand of flame (14)
 Q - a wand of polymorph (4)
 U - a wand of paralysis (7)
Scrolls
 a - a scroll of poison
 e - 3 scrolls of revelation
 g - 8 scrolls of vulnerability
 k - a scroll of torment
 n - 4 scrolls of fog
 o - 2 scrolls of immolation
 q - 2 scrolls of enchant armour
 t - 4 scrolls of teleportation
 v - a scroll of silence
 M - a scroll of enchant weapon
 S - 3 scrolls of fear
Potions
 d - 5 potions of curing
 f - 4 potions of enlightenment
 i - a potion of magic
 j - 2 potions of brilliance
 l - 4 potions of attraction
 m - a potion of mutation
 p - 4 potions of invisibility
 u - a potion of resistance
 z - a potion of might
 A - 3 potions of haste {unknown}
 C - 2 potions of heal wounds
 O - 3 potions of lignification
 T - a potion of cancellation
Miscellaneous
 E - a lightning rod (4/4)


   Skills:
 + Level 13.4 Fighting
 + Level 9.7 Dodging
 * Level 13.6 Unarmed Combat
 + Level 8.0 Invocations
 * Level 12.7 Shapeshifting


You had 13 spell levels left.
You didn't know any spells.
Your spell library contained the following spells:

 Spells                   Type           Power      Damage    Failure   Level
 Freeze                   Ice            0%         1d3       38%         1
 Slow                     Hex            0%         N/A       38%         1
 Sting                    Tmut/Pois      0%         1d3       38%         1
 Lesser Beckoning         Tloc           0%         N/A       52%         2
 Poisonous Vapours        Pois/Air       0%         N/A       52%         2
 Wereblood                Tmut           0%         N/A       52%         2
 Confusing Touch          Hex            0%         N/A       77%         3
 Frozen Ramparts          Ice            0%         1d1       77%         3
 Gell's Gravitas          Tloc           0%         N/A       77%         3
 Hailstorm                Conj/Ice       0%         3d3       77%         3
 Ozocubu's Armour         Ice            0%         N/A       77%         3
 Summon Guardian Golem    Hex/Summ       0%         N/A       77%         3
 Teleport Other           Tloc           0%         N/A       77%         3
 Vampiric Draining        Necr           0%         2d6       77%         3
 Vhi's Electric Charge    Tloc/Air       0%         N/A       77%         3
 Animate Dead             Necr           0%         N/A       99%         4
 Olgreb's Toxic Radiance  Pois           0%         N/A       99%         4
 Summon Ice Beast         Ice/Summ       0%         N/A       99%         4
 Arcjolt                  Conj/Air       0%         1d10      100%        5
 Borgnjor's Vile Clutch   Necr/Erth      0%         N/A       100%        5
 Irradiate                Conj/Tmut      0%         3d11      100%        5
 Metabolic Englaciation   Hex/Ice        0%         N/A       100%        5
 Summon Mana Viper        Hex/Summ       0%         N/A       100%        5
 Death Channel            Necr           0%         N/A       100%        6
 Plasma Beam              Fire/Air       0%         2x1d10    100%        6
 Simulacrum               Ice/Necr       0%         N/A       100%        6
 Monstrous Menagerie      Summ           0%         N/A       100%        7
 Orb of Destruction       Conj           0%         9d5       100%        7
 Spellforged Servitor     Conj/Summ      0%         N/A       100%        7
 Maxwell's Capacitive Co  Air            0%         ∞         100%        8


Dungeon Overview and Level Annotations

Branches:
Dungeon (12/15)            Temple (0/1) D:7            Lair (5/5) D:11
  Swamp (0/4) Lair:3        Snake (0/4) Lair:2        Slime (0/5) Lair:4
    Orc (0/2) D:10        Ossuary (visited)          Bailey (visited)
  IceCv (1/1)

Altars:
Ashenzari
Cheibriados
Dithmenos
Hepliaklqana
Kikubaaqudgha
Makhleb
Okawaru
Ru
Sif Muna
Trog
Xom
The Shining One

Shops:
D:10 (

Annotations:
D:4 1 runed translucent door, lovewater's ghost, amateur TrGl
D:10 exclusion: 2 statues


Innate Abilities, Weirdness & Mutations

You are an enormous anaconda.
You have a powerful constriction melee attack.
Your maximum health is increased.
Your armour is entirely melded.
You are incapable of wielding weapons or throwing items.
You are too large for most types of armour.
((You have tough skin. (AC +1)))


Message History

You are too injured to fight recklessly!
You are too injured to fight recklessly!
You are too injured to fight recklessly!
Unknown command.
You are too injured to fight recklessly!
Unknown command.
You are too injured to fight recklessly!
Unknown command.
The large slime creature attacks as you move away!
The large slime creature hits you!!
* * * LOW HITPOINT WARNING * * *
Okay, then.
You feel much better.
A slime creature comes into view.
The slime creature hits you.
* * * LOW HITPOINT WARNING * * *
The large slime creature hits you.
* * * LOW HITPOINT WARNING * * *
A demon appears!
It doesn't seem very happy.
A slime creature comes into view.
The slime creature hits you!
* * * LOW HITPOINT WARNING * * *
The large slime creature barely misses you.
A slime creature comes into view.
Okay, then.
As you read the scroll of teleportation, it crumbles to dust.
You feel strangely unstable. The large slime creature hits you.
* * * LOW HITPOINT WARNING * * *
The large slime creature misses you. The slime creature hits you.
* * * LOW HITPOINT WARNING * * *
The cacodemon closely misses you.
The cacodemon hits you but does no damage.
You feel much better. The large slime creature hits you.
* * * LOW HITPOINT WARNING * * *
The large slime creature hits you!!
* * * LOW HITPOINT WARNING * * *
The slime creature hits you but does no damage.
The cacodemon barely misses you. The cacodemon hits you.
You die...

#..#..##..##...#
##.##..##..###..#
#..#...#..## #..##
...#..##..# ##..#
#..#..##..## #..#
##.##..#...# #..#
#..#..##..####..#
#..##..#....##..#
##.##..##.....2S##
#..#.|.#...##JJJ#
#..##.[##..##...#
##..##.##..##....#
#...#.##..##.J..#
##....#...###J.J#
##.......# ##...
#.......# ....
#......## .....


You could see a cacodemon (summoned), 2 large slime creatures and 4 slime
creatures.

Vanquished Creatures
  Gastronok (D:9)
  A quicksilver ooze (IceCv)
  8 hydras
  A catoblepas (Lair:5)
  A two-headed ogre (D:11)
  5 death yaks
  2 tengu warriors (D:11)
  Sonja (Lair:2)
  A skyshark (Lair:5)
  A lindwurm (Lair:3)
  2 cyclopes (D:11)
  8 elephants
  Maurice (D:10)
  Joseph (D:9)
  3 ice statues (IceCv)
  7 black mambas
  12 cane toads
  A gargoyle (Bailey)
  Psyche (D:8)
  A torpor snail (Lair:5)
  3 rime drakes
  8 komodo dragons
  2 kobold demonologists
  2 trolls
  7 hornets
  12 polar bears
  A dream sheep (Lair:5)
  20 blink frogs
  7 slime creatures
  11 spriggans (Lair:5)
  A vampire (Bailey)
  2 wraiths
  A shadow (D:11)
  Grum (D:10)
  5 basilisks
  3 wyverns
  A golden eye (shapeshifter) (D:11)
  33 yaks
  3 steam dragons (D:7)
  6 vampire mosquitoes
  A warg (D:10)
  5 nagas (Lair:2)
  2 swamp worms (Lair:3)
  An acid dragon (D:11)
  12 water moccasins
  4 ice beasts
  2 black bears
  39 wolves
  3 ogres
  5 boggarts (Lair:5)
  2 centaurs
  A phantom (D:5)
  2 slime creature simulacra (IceCv)
  6 kobold brigands
  14 bullfrogs
  A gnoll sergeant (D:8)
  A glowing shapeshifter simulacrum (IceCv)
  A scorpion (D:7)
  7 wights
  11 killer bees (D:8)
  7 vampire bats (Bailey)
  5 howler monkeys
  2 wolf zombies (Bailey)
  2 jellies
  3 orc priests
  8 hounds
  A gnoll bouda (D:5)
  2 human zombies (Ossuary)
  5 iguanas
  Natasha (twice) (D:2)
  5 orc wizards
  A shapeshifter simulacrum (IceCv)
  2 hell rats
  4 mummies
  8 adders
  6 river rats (Lair:1)
  7 gnolls
  3 white imps
  3 ufetubi
  3 adder zombies (Ossuary)
  A worm (D:5)
  2 dart slugs (D:1)
  29 orcs
  5 bats
  3 endoplasms
  5 giant cockroaches
  10 goblins
  9 hobgoblins
  5 jackals
  2 quokkas (D:3)
  9 ball pythons
  4 goblin zombies (Ossuary)
  4 hobgoblin zombies (Ossuary)
  15 kobolds
  4 kobold zombies
  22 orc zombies
  2 quokka zombies (Ossuary)
  12 rats
  A rat zombie (Ossuary)
531 creatures vanquished.

Vanquished Creatures (collateral kills)
  A quicksilver ooze (IceCv)
  A shapeshifter simulacrum (IceCv)
2 creatures vanquished.

Grand Total: 533 creatures vanquished

Notes
Turn   | Place    | Note
-------+----------+-------------------------------------------
     0 | D:1      | mandarbmax the Ogre Shapeshifter began the quest for the
                  | Orb.
     0 | D:1      | Reached XP level 1. HP: 19/19 MP: 1/1
   120 | D:1      | Reached XP level 2. HP: 28/28 MP: 2/2
   442 | D:2      | Reached XP level 3. HP: 35/35 MP: 3/3
   452 | D:2      | Found a faded altar of an unknown god.
   454 | D:2      | Noticed Natasha
   479 | D:2      | Killed Natasha
   480 | D:2      | Reached XP level 4. HP: 12/42 MP: 4/4
   806 | D:2      | Noticed Natasha
   815 | D:2      | Killed Natasha
   816 | D:2      | Reached XP level 5. HP: 46/50 MP: 5/5
  1913 | D:3      | Noticed a shadow
  1914 | D:3      | Found a shadowy altar of Dithmenos.
  1915 | D:3      | Found a hazy altar of Hepliaklqana.
  2157 | D:4      | Found a burning altar of Makhleb.
  2174 | D:4      | Became a worshipper of Makhleb the Destroyer
  2201 | D:4      | Found a runed translucent door.
  2218 | D:4      | Noticed lovewater's ghost (amateur TrGl)
  2313 | D:4      | Found a sand-covered staircase.
  2325 | Ossuary  | Entered an ossuary
  2349 | Ossuary  | Reached XP level 6. HP: 13/61 MP: 6/6
  2765 | D:4      | Found a broken altar of Ashenzari.
  3036 | D:5      | Entered Level 5 of the Dungeon
  3077 | D:5      | Noticed an ice beast
  3086 | D:5      | Killed an ice beast
  3086 | D:5      | Reached * piety under Makhleb
  3095 | D:5      | Reached XP level 7. HP: 54/68 MP: 7/7
  3598 | D:5      | Reached skill level 5 in Unarmed Combat
  3666 | D:5      | Reached skill level 5 in Shapeshifting
  3927 | D:5      | You fall into a shaft and drop 2 floors!
  3930 | D:7      | Found a staircase to the Ecumenical Temple.
  4059 | D:6      | Reached XP level 8. HP: 49/79 MP: 8/8
  4268 | D:6      | Reached skill level 5 in Fighting
  5304 | D:6      | Reached XP level 9. HP: 84/89 MP: 9/9
  5457 | D:6      | Reached ** piety under Makhleb
  6462 | D:7      | Found a shimmering altar of Xom.
  6553 | D:7      | Found a snail-covered altar of Cheibriados.
  6554 | D:7      | Found an ancient bone altar of Kikubaaqudgha.
  6616 | D:7      | Found a glowing golden altar of the Shining One.
  6697 | D:7      | Found an iron altar of Okawaru.
  6978 | D:7      | Found a sacrificial altar of Ru.
  7224 | D:8      | Found a bloodstained altar of Trog.
  7229 | D:8      | Reached skill level 5 in Dodging
  7272 | D:8      | Noticed Psyche
  7278 | D:8      | Killed Psyche
  7282 | D:8      | Reached XP level 10. HP: 102/102 MP: 10/10
  7721 | D:8      | Found a shimmering blue altar of Sif Muna.
  8047 | D:8      | Reached *** piety under Makhleb
  8487 | D:9      | Found a flagged portal.
  8518 | Bailey   | Entered a bailey
  8667 | Bailey   | Noticed a gargoyle
  8678 | Bailey   | Killed a gargoyle
  8843 | Bailey   | Identified the +2 cloak of Snakes and Ladders {Str+3 Int+3}
  8868 | Bailey   | Reached **** piety under Makhleb
  9002 | D:9      | Reached XP level 11. HP: 113/113 MP: 11/11
  9082 | D:9      | Noticed Gastronok
  9098 | D:9      | Killed Gastronok
  9369 | D:9      | Noticed Joseph
  9380 | D:9      | Killed Joseph
  9780 | D:10     | Entered Level 10 of the Dungeon
 10050 | D:10     | Noticed Grum
 10213 | D:10     | Noticed Maurice
 10218 | D:10     | Killed Maurice
 10243 | D:10     | Found Zyukosme's Weapon Boutique.
 10412 | D:10     | Found a staircase to the Orcish Mines.
 10512 | D:10     | Noticed an archer statue
 10518 | D:10     | Reached skill level 10 in Unarmed Combat
 10518 | D:10     | Noticed an archer statue
 10821 | D:10     | Killed Grum
 10990 | D:10     | Upgraded the game from 0.31-a0-426-g3a05650e59 to
                  | 0.31-a0-431-g88bdf31460
 11080 | D:11     | Found a staircase to the Lair.
 11080 | D:11     | Noticed a cyclops
 11094 | D:11     | Killed a cyclops
 11094 | D:11     | Reached ***** piety under Makhleb
 11095 | D:11     | Reached skill level 1 in Invocations
 11096 | D:11     | Noticed a two-headed ogre
 11132 | D:11     | Killed a two-headed ogre
 11258 | D:11     | Noticed a tengu warrior
 11258 | D:11     | Noticed a tengu warrior
 11281 | D:11     | Noticed a cyclops
 11305 | D:11     | Killed a cyclops
 11608 | D:11     | Reached skill level 10 in Fighting
 11718 | D:11     | Reached XP level 12. HP: 126/126 MP: 13/13
 12061 | D:11     | Killed a tengu warrior
 12068 | D:11     | Killed a tengu warrior
 12069 | D:11     | Reached skill level 10 in Shapeshifting
 12191 | Lair:1   | Entered Level 1 of the Lair of Beasts
 13017 | Lair:2   | Found a staircase to the Snake Pit.
 13285 | Lair:2   | Paralysed by a hornet for 3 turns
 13374 | Lair:2   | Noticed a four-headed hydra
 13387 | Lair:2   | Killed a four-headed hydra
 13948 | Lair:2   | Noticed Sonja
 13955 | Lair:2   | Killed Sonja
 14255 | Lair:3   | Reached XP level 13. HP: 137/137 MP: 16/16
 14289 | Lair:3   | Reached skill level 5 in Invocations
 14502 | Lair:3   | Found a staircase to the Swamp.
 15298 | Lair:3   | Reached ****** piety under Makhleb
 15633 | Lair:3   | Identified the +6 short sword of Blood-Lust {holy, rC+
                  | Will+}
 16455 | Lair:4   | Found a staircase to the Slime Pits.
 17330 | Lair:5   | Entered Level 5 of the Lair of Beasts
 17345 | Lair:5   | Reached XP level 14. HP: 145/150 MP: 18/18
 17772 | Lair:5   | Paralysed by a hornet for 3 turns
 19296 | D:12     | Found a frozen archway.
 19307 | IceCv    | Entered an ice cave
 19586 | IceCv    | Noticed a quicksilver ooze
 19662 | IceCv    | Noticed a quicksilver ooze
 19678 | IceCv    | Killed a quicksilver ooze
 19741 | IceCv    | Killed a quicksilver ooze
 20229 | IceCv    | Noticed a cacodemon
 20231 | IceCv    | HP: 5/183 [large slime creature (20)]
 20231 | IceCv    | Slain by a cacodemon

Illustrated notes

Levels and vault maps discovered:
D:1:      lemuel_arrival_broad_hall, layout_rooms
D:2:      layout_basic, hellmonk_ecumenical_altar_lost_god,
          hangedman_decor_lopped, uniq_natasha
D:3:      layout_loops_corners, riverfiend_overflow_shadow_ancestor
D:4:      layout_cave_pools, mainiacjoe_overflow_concentric_impassable,
          lemuel_crystal_altar, nicolae_ossuary_entry_monument,
          ebering_ghost_sewer_d, kennysheep_cross_room, minmay_mini_ossuary
D:5:      layout_basic, st_stairs_13, nrook_pool_corridor
D:6:      kennysheep_six_static_rooms, layout_basic, minmay_misc_feat_alley
D:7:      layout_loops_ring, general_overflow_altar,
          mainiacjoe_overflow_alcove_4, mainiacjoe_overflow_tiny_flanked,
          nicolae_overflow_hidden_temple, tso_oasis_becter,
          minmay_temple_entry_nine_rooms, serial_co_window_serial,
          co_window_corner_a, co_window_paths_a, co_window_paths_a,
          co_window_of_opportunity_a, co_window_corner_a, co_window_corner_a,
          co_window_of_opportunity_c, co_window_of_opportunity_c,
          co_window_broadway_a, co_window_unsneaky_path_a, co_window_paths_d,
          glass_columns_a, glass_columns_c
D:8:      layout_loops_corners, nicolae_sif_muna_condensation, trog_antimagical,
          uniq_psyche
D:9:      layout_loops_cross, enter_bailey_5, uniq_joseph, uniq_gastronok
D:10:     layout_roguey, erik_orc_3, serial_shops, shop,
          minmay_dual_archer_statues, uniq_maurice, uniq_grum
D:11:     layout_basic, lair_entry_dummy
D:12:     layout_roguey, portal_ice_cave_rime
Lair:1:   layout_big_grid, minivault_11, kennysheep_abandoned_house,
          grunt_megastairs_3
Lair:2:   layout_loops_ring, minmay_snake_entry_guardpost_medium,
          chequers_serial_rivers_micro_c, infiniplex_staircase_pool_2,
          uniq_sonja
Lair:3:   layout_gridlike, palyth_hydra_swamp_entry,
          nicolae_quartered_pool_impasse
Lair:4:   layout_regular_city, minmay_slime_entry_pillars, serial_bayou_pond_e,
          beast_lair_carwin_2
Lair:5:   minmay_lair_end_enchanted_forest, layout_hall_layers,
          lemuel_fruit_tree
IceCv:    ice_cave_hellmonk_azure_passage

Skill      XL: |  1  2  3  4  5  6  7  8  9 10 11 12 13 14 |
---------------+-------------------------------------------+-----
Dodging        | 2 3 4 5 6 7 8 9 |  9.7
Unarmed Combat | 3 4 5 6 7 9 10 11 12 13 | 13.6
Fighting       | 2 3 4 5 7 8 10 11 12 13 | 13.4
Shapeshifting  | 4 5 6 7 8 9 10 11 12 | 12.7
Invocations    | 2 4 6 8 |  8.0

Action                     |  1- 3 |  4- 6 |  7- 9 | 10-12 | 13-15 || total
---------------------------+-------+-------+-------+-------+-------++-------
  Melee: Unarmed           |    56 |   209 |   234 |   516 |   524 ||  1539
         Punch             |     1 |       |       |       |       ||     1
         Constrict         |       |       |    13 |    80 |    99 ||   192
 Invoke: Lesser Servant of |       |       |       |     1 |     2 ||     3
         Greater Servant o |       |       |       |       |     1 ||     1
Ability: Begin Untransform |       |       |       |     1 |       ||     1
  Evoke: Lightning rod     |       |       |       |     5 |       ||     5
         Wand              |       |       |       |     5 |       ||     5
    Use: Potion            |     1 |     4 |     4 |     4 |     3 ||    16
         Scroll            |       |    11 |     6 |     7 |     7 ||    31
   Stab: Petrified         |       |       |       |       |     8 ||     8
 Armour: Animal skin       |     7 |    32 |    19 |       |       ||    58
         Skin              |    35 |     2 |    12 |   134 |   174 ||   357
  Dodge: Dodged            |    27 |   159 |   198 |   507 |   459 ||  1350
   Form: Anaconda          |       |       |     1 |     1 |       ||     2

Table legend: (Time is in decaauts)
 A = Elapsed time spent in this place.
 B = Non-inter-level travel time spent in this place.
 C = Inter-level travel time spent in this place.
 D = Time resting spent in this place.
 E = Time spent auto-exploring this place.
 F = Levels seen in this place.
 G = Mean time per level.
                   A        B        C        D        E       F      G
               +--------+--------+--------+--------+--------+-----+--------+
         Total |  19974 |  19326 |    648 |   2298 |  13869 |  20 |  998.7 |
       Dungeon |  11334 |  10964 |    370 |    776 |   8523 |  12 |  944.5 |
          Lair |   6922 |   6645 |    277 |    676 |   4892 |   5 | 1384.4 |
       Ossuary |    372 |    372 |      0 |    153 |     99 |   1 |  372.0 |
        Bailey |    428 |    428 |      0 |      0 |    283 |   1 |  428.0 |
      Ice Cave |    916 |    916 |      0 |    693 |     72 |   1 |  916.0 |
               +--------+--------+--------+--------+--------+-----+--------+

Top non-repeatable levels by time:
  Lair:5: 1760 daAuts
  Lair:2: 1648 daAuts
  Lair:3: 1553 daAuts
     D:6: 1519 daAuts
    D:10: 1458 daAuts
     D:5: 1385 daAuts
     D:8: 1298 daAuts
  Lair:4: 1255 daAuts
     D:7: 1198 daAuts
     D:3: 955 daAuts
    D:11: 920 daAuts
   IceCv: 916 daAuts
     D:9: 854 daAuts
     D:2: 734 daAuts
  Lair:1: 704 daAuts
